 Dungeon Crawl Stone Soup version 0.21.0-3-g78d12a8 (webtiles) character file.

55 Leibowitz the Ducker (level 3, -1/18 HPs)
             Began as a Spriggan Gladiator on Jan 8, 2018.
             Killed from afar by a hobgoblin (5 damage)
             ... with a wand of flame (26)
             ... on level 2 of the Dungeon.
             The game lasted 00:04:16 (1697 turns).

Leibowitz the Ducker (Spriggan Gladiator)           Turns: 1697, Time: 00:04:16

Health: -1/18      AC:  2    Str: 10    XL:     3   Next: 67%
Magic:  4/4        EV: 20    Int: 10    God:
Gold:   59         SH:  0    Dex: 17    Spells: 2/2 levels left

rFire    + . .     SeeInvis +   a - +0 rapier
rCold    . . .     Gourm    .   (shield restricted)
rNeg     + . .     Faith    .   b - +0 robe
rPois    .         Spirit   .   c - +0 hat
rElec    .         Reflect  .   (no cloak)
rCorr    .         Harm     .   (gloves unavailable)
MR       .....                  (boots unavailable)
Stlth    ++........             (no amulet)
HPRegen  0.06/turn              e - ring of positive energy
MPRegen  0.09/turn              o - ring of protection from fire

@: very quick
A: very small, unfitting armour, see invisible, herbivore, speed 3, slow
metabolism 2
a: no special abilities


You were on level 2 of the Dungeon.
You were not hungry.

You visited 1 branch of the dungeon, and saw 2 of its levels.

You collected 59 gold pieces.

Inventory:

Hand Weapons
 a - a +0 rapier (weapon)
Missiles
 d - 3 throwing nets (quivered)
 l - 2 needles of confusion
Armour
 b - a +0 robe (worn)
 c - a +0 hat (worn)
Jewellery
 e - a ring of positive energy (left hand)
 o - a ring of protection from fire (right hand)
Scrolls
 g - a scroll of fear {unknown}
 i - a scroll of teleportation {unknown}
 j - 2 scrolls of fog {unknown}
 n - a scroll of remove curse {unknown}
 p - a scroll of immolation {unknown}
Potions
 h - a potion of ambrosia {unknown}
 k - a potion of flight {unknown}
 m - a potion of cancellation {unknown}
 q - 2 potions of brilliance {unknown}
Comestibles
 f - 3 rations


   Skills:
 + Level 1.8 Fighting
 + Level 4.0 Short Blades
 + Level 2.2 Throwing
 + Level 5.2 Dodging
 * Level 2.0 Stealth


You had 2 spell levels left.
You didn't know any spells.

Dungeon Overview and Level Annotations

Branches:
Dungeon (2/15)

Altars:


Innate Abilities, Weirdness & Mutations

You are very small and have problems with some larger weapons.
You are too small for most types of armour.
You have supernaturally acute eyesight. (SInv)
You are a herbivore.
You cover ground extremely quickly.
You need consume almost no food.


Message History

The puff of flame hits you! You resist.
You hit the hobgoblin but do no damage. The hobgoblin misses you.
You completely miss the hobgoblin. The hobgoblin barely misses you.
You hit the hobgoblin.
The hobgoblin is moderately wounded.
The hobgoblin closely misses you.
You hit the hobgoblin but do no damage.
The hobgoblin is moderately wounded.
The hobgoblin hits you with a club.
You barely miss the hobgoblin.
The hobgoblin is moderately wounded.
The hobgoblin hits you with a club.
* * * LOW HITPOINT WARNING * * *
You hit the hobgoblin but do no damage.
The hobgoblin is moderately wounded.
The hobgoblin hits you but does no damage.
You barely miss the hobgoblin.
The hobgoblin is moderately wounded.
The hobgoblin zaps a wand.
The puff of flame hits you! You resist.
You die...

###############
##
#.............#
#.............#
#............?# #
#......♣......# #
#....♣♣.♣♣....# #
###....♣...♣....#
#
#.'...♣..♣.g♣...#
#
#.#....♣...♣@...#
#
#.#....♣♣.♣♣....#
#
#.#......♣......#
#
#.#.............#
#### ###
#.#.............#
#.......#
#.#.............#
#.#...#.#
#.###############
##$......#
#..........>#
.........#
#######.#####
#.....<...


You could see a hobgoblin.

Vanquished Creatures
  2 adders (D:2)
  A dart slug (D:1)
  2 worms (D:2)
  4 bats
  2 giant cockroaches (D:1)
  5 goblins
  6 hobgoblins
  A quokka (D:2)
  2 frilled lizards
  2 kobolds (D:2)
  2 rats (D:1)
29 creatures vanquished.

Notes
Turn   | Place    | Note
-------+----------+-------------------------------------------
     0 | D:1      | Leibowitz the Spriggan Gladiator began the quest for the Orb.
     0 | D:1      | Reached XP level 1. HP: 10/10 MP: 2/2
   231 | D:1      | Reached skill level 1 in Stealth
   267 | D:1      | Reached XP level 2. HP: 11/14 MP: 3/3
  1027 | D:2      | Reached skill level 5 in Dodging
  1027 | D:2      | Reached XP level 3. HP: 18/18 MP: 4/4
  1697 | D:2      | Killed from afar by a hobgoblin

Skill      XL: |  1  2  3 |
---------------+----------+-----
Stealth        | 1 2 |  2.0
Dodging        | 5 |  5.2
Short Blades   | 4 |  4.0
Fighting       | |  1.8
Throwing       | |  2.2

Action                   || total
-------------------------++-------
Melee: Rapier            ||    99
Throw: Throwing net      ||     2
 Stab: Sleeping          ||     5
       Held in net/web   ||     1
Armor: Robe              ||     8
Dodge: Dodged            ||    68
